 Dungeon Crawl Stone Soup version 0.29.0 (webtiles) character file.

Game seed: 4566904348153281410

2396 XZede the Spear-Bearer (level 9, 0/71 HPs)
             Began as a Demonspawn Berserker on Aug 31, 2022.
             Was a Believer of Trog.
             Slain by Prince Ribbit (12 damage)
             ... on level 7 of the Dungeon.
             The game lasted 00:19:51 (6743 turns).

XZede the Spear-Bearer (Demonspawn Berserker)       Turns: 6743, Time: 00:19:51

Health: 0/71       AC:  4    Str: 21    XL:     9   Next: 22%
Magic:  9/9        EV:  9    Int:  9    God:    Trog [**....]
Gold:   271        SH:  7    Dex: 13    Spells: 8/8 levels left

rFire   . . .      SeeInvis .   a - +0 spear
rCold   . . .      Faith    .   c - +2 buckler
rNeg    + . .      Spirit   .   f - +0 chain mail
rPois   +          Reflect  .   q - +0 helmet
rElec   .          Harm     .   j - +0 cloak
rCorr   .          Rampage  .   g - +0 pair of gloves
Will    ++...                   p - +0 pair of boots
Stlth   ..........              (no amulet)
HPRegen 1.21/turn               e - ring of poison resistance
MPRegen 0.11/turn               l - ring of positive energy

@: strong-willed (expiring), corroded, on berserk cooldown, regenerating
(expiring), slowed, very slow
A: demonic guardian 1, foul stench 1, sturdy frame 2, bedeviling, demonic touch
2
a: Renounce Religion, Berserk, Trog's Hand


You were on level 7 of the Dungeon.
You worshipped Trog.
Trog was pleased with you.
You visited 1 branch of the dungeon, and saw 7 of its levels.

You collected 271 gold pieces.

Inventory:

Hand Weapons
 a - a +0 spear (weapon)
 s - a +3 quarterstaff of chaos
 t - the +9 great mace of Fear {freeze, rF- rC++ Will+ Dex-2}
   (You found it on level 5 of the Dungeon)

   It freezes those it strikes, dealing additional cold damage.
   It can also slow down cold-blooded creatures.
   Dex:       It affects your dexterity (-2).
   rF:        It makes you vulnerable to fire.
   rC:        It greatly protects you from cold.
   Will:      It increases your willpower.
Armour
 c - a +2 buckler (worn)
 f - a +0 chain mail (worn)
 g - a +0 pair of gloves (worn)
 j - a +0 cloak (worn)
 p - a +0 pair of boots (worn)
 q - a +0 helmet (worn)
Jewellery
 e - a ring of poison resistance (left hand)
 l - a ring of positive energy (right hand)
Scrolls
 b - 4 scrolls of identify
 n - a scroll of torment {unknown}
 o - a scroll of summoning {unknown}
 r - a scroll of immolation {unknown}
 u - a scroll of magic mapping
 v - a scroll of enchant weapon {unknown}
Potions
 d - a potion of attraction
 h - 4 potions of degeneration
 k - 4 potions of curing {unknown}
 m - a potion of cancellation {unknown}


   Skills:
 + Level 6.8 Fighting
 * Level 8.6 Polearms
 - Level 1.7 Armour
 - Level 1.7 Dodging
 + Level 5.5 Shields


You had 8 spell levels left.
You didn't know any spells.
Your spell library was empty.

Dungeon Overview and Level Annotations

Branches:
Dungeon (7/15)
 Temple: D:4-7

Altars:
Cheibriados
Nemelex Xobeh
Okawaru
Ru
Wu Jian

Annotations:
D:7 Prince Ribbit


Innate Abilities, Weirdness & Mutations

A weak demonic guardian rushes to your aid.
You may rarely emit foul miasma when damaged in melee.
Your movements are less encumbered by armour. (ER -4)
Your hexes are more powerful.
Your touch may inflict irresistible damage on your foes.


Message History

The necrophage is lightly damaged.
Your white imp closely misses the necrophage.
The necrophage hits your white imp!
Your white imp dies!
Your white imp disappears in a puff of smoke!
The gnoll hits you from afar with a +0 spear.
* * * LOW HITPOINT WARNING * * *
Reach: a) +0 spear
Press: ? - help, Dir - move target, f/p - necrophage
Aim: a necrophage (lightly damaged, about 33% to evade your +0 spear)
You reach to attack!
You completely miss the necrophage.
The necrophage is lightly damaged.
The gnoll hits you from afar with a +0 spear.
* * * LOW HITPOINT WARNING * * *
Okay, then.
Blink to where?
Press: ? - help, Dir - move target, p - necrophage
As you read the scroll of blinking, it crumbles to dust.
The gnoll barely misses you.
You climb downwards.
Found a falchion, 8 gold pieces, a glaive and a bubbling red potion.
There is a stone staircase leading up here.
Okay, then.
Reach: a) +0 spear
Press: ? - help, Dir - move target, f - Prince Ribbit
Aim: Prince Ribbit (about 50% to evade your +0 spear)
You reach to attack!
You hit Prince Ribbit but do no damage. You hit Prince Ribbit.
Prince Ribbit is lightly wounded.
You feel the effects of Trog's Hand fading.
Prince Ribbit barely misses you.
You closely miss Prince Ribbit.
Prince Ribbit is lightly wounded.
Prince Ribbit hits you. Prince Ribbit hits you!
* * * LOW HITPOINT WARNING * * *
A demonic guardian appears!
You hit Prince Ribbit but do no damage.
Prince Ribbit is lightly wounded.
Prince Ribbit hits you!
You die...

......!##.
###.........
#...........
...........
..........
.........
#........
#@.....##
.......F....##.
.......5)..##
###.#.....## #
###..##8~ ..##
.#. .## $ # )#.
#


You could see Prince Ribbit (ally target) and a friendly shadow imp (summoned).

Vanquished Creatures
  A two-headed ogre (D:5)
  Pikel (D:5)
  A black bear (D:5)
  An ogre (D:4)
  A centaur (D:5)
  A phantom (D:4)
  A bullfrog (D:6)
  2 necrophages (D:3)
  3 scorpions
  4 wights (D:4)
  2 hounds
  A jelly (D:6)
  Crazy Yiuf (D:5)
  2 iguanas (D:5)
  An iron imp (D:3)
  7 adders
  3 gnolls (D:6)
  An ufetubus (D:4)
  2 worms
  3 dart slugs
  5 orcs
  8 ball pythons
  7 endoplasms
  3 giant cockroaches
  8 hobgoblins
  A jackal (D:2)
  3 kobolds
  3 quokkas
  3 bats (D:2)
  3 frilled lizards
  6 goblins
  3 rats
92 creatures vanquished.

Vanquished Creatures (collateral kills)
  A wight (D:4)
  An orc priest (D:5)
  An endoplasm (D:3)
  A hobgoblin (D:3)
4 creatures vanquished.

Grand Total: 96 creatures vanquished

Notes
Turn   | Place    | Note
-------+----------+-------------------------------------------
     0 | D:1      | XZede the Demonspawn Berserker began the quest for the Orb.
     0 | D:1      | Reached XP level 1. HP: 18/18 MP: 1/1
   172 | D:1      | Reached skill level 3 in Polearms
   239 | D:1      | Found a faded altar of an unknown god.
   291 | D:1      | Gained mutation: Your touch may inflict minor irresistible
                  | damage on your foes. [demonic ancestry]
   291 | D:1      | Reached XP level 2. HP: 24/24 MP: 2/2
   637 | D:1      | Reached skill level 1 in Shields
  1140 | D:2      | Gained mutation: A weak demonic guardian rushes to your
                  | aid. [demonic ancestry]
  1140 | D:2      | Reached XP level 3. HP: 25/29 MP: 3/3
  1932 | D:2      | Reached ** piety under Trog
  1950 | D:2      | Gained mutation: Your movements are slightly less
                  | encumbered by armour. (ER -2) [demonic ancestry]
  1950 | D:2      | Reached XP level 4. HP: 35/35 MP: 4/4
  2616 | D:3      | Found a sparkling altar of Nemelex Xobeh.
  2741 | D:3      | Found a sacrificial altar of Ru.
  2773 | D:3      | Found a snail-covered altar of Cheibriados.
  2787 | D:3      | Reached skill level 4 in Polearms
  3009 | D:4      | Noticed a scorpion
  3015 | D:4      | Killed a scorpion
  3016 | D:4      | Gained mutation: You may rarely emit foul miasma when
                  | damaged in melee. [demonic ancestry]
  3016 | D:4      | Reached XP level 5. HP: 42/42 MP: 5/5
  3393 | D:4      | Reached XP level 6. HP: 48/48 MP: 6/6
  3489 | D:4      | Reached skill level 5 in Polearms
  3663 | D:4      | Gained mutation: Your movements are less encumbered by
                  | armour. (ER -4) [demonic ancestry]
  3663 | D:4      | Reached XP level 7. HP: 27/55 MP: 7/7
  4429 | D:3      | Reached skill level 6 in Polearms
  4434 | D:3      | Reached skill level 5 in Fighting
  4599 | D:4      | Found an iron altar of Okawaru.
  4706 | D:5      | Entered Level 5 of the Dungeon
  4711 | D:5      | Noticed Pikel
  4739 | D:5      | Killed Pikel
  4740 | D:5      | Reached skill level 7 in Polearms
  4740 | D:5      | Gained mutation: Your touch may inflict irresistible damage
                  | on your foes. [demonic ancestry]
  4740 | D:5      | Reached XP level 8. HP: 64/64 MP: 8/8
  5114 | D:5      | Noticed a two-headed ogre
  5130 | D:5      | Killed a two-headed ogre
  5131 | D:5      | Reached skill level 8 in Polearms
  5131 | D:5      | Reached skill level 5 in Shields
  5131 | D:5      | Gained mutation: Your hexes are more powerful. [demonic
                  | ancestry]
  5131 | D:5      | Reached XP level 9. HP: 51/71 MP: 9/9
  5668 | D:5      | Found an ornate altar of the Wu Jian Council.
  5868 | D:5      | Found a runed translucent door.
  5869 | D:5      | Noticed Crazy Yiuf
  5879 | D:5      | Killed Crazy Yiuf
  6371 | D:5      | Identified the +9 great mace of Fear {freeze, rF- rC++
                  | Will+ Dex-2}
  6634 | D:6      | Identified the +2 hand axe of Nuso {pain, rF++ MP+9}
  6739 | D:7      | Noticed Prince Ribbit
  6743 | D:7      | Slain by Prince Ribbit

Illustrated notes

Levels and vault maps discovered:
D:1:      lemuel_arrival_hallway, layout_basic,
          shapermc_ecumenical_altar_mp_vishouse
D:2:      layout_basic, minmay_bisected
D:3:      layout_rooms, nemelex_diamond_rough_becter, slow_altar_1,
          lemuel_tele_altar
D:4:      layout_rooms, old_standard_altar, kennysheep_pointless_box
D:5:      layout_layer_cave, mainiacjoe_overflow_paths, uniq_pikel,
          uniq_crazy_yiuf_cottage
D:6:      layout_loops_ring, minmay_temple_entry_gardened_gates, st_stairs_14
D:7:      layout_cave_pools, nzn_ghost_randoct, chequers_jeans, uniq_menkaure,
          uniq_prince_ribbit1

Skill      XL: |  1  2  3  4  5  6  7  8 |
---------------+-------------------------+-----
Polearms       | 3 4 5 7 8 |  8.6
Shields        | 1 2 3 4 5 |  5.5
Fighting       | 4 5 6 |  6.8
Armour         | |  1.7
Dodging        | |  1.7

Action                   |  1- 3 |  4- 6 |  7- 9 || total
-------------------------+-------+-------+-------++-------
Melee: Spear             |   156 |   128 |   222 ||   506
Invok: Berserk           |     2 |     5 |     5 ||    12
       Trog's Hand       |       |       |     2 ||     2
  Use: Scroll            |       |     4 |     3 ||     7
 Stab: Sleeping          |     1 |       |       ||     1
Armor: Ring mail         |    21 |       |       ||    21
       Chain mail        |    35 |    48 |   113 ||   196
Dodge: Dodged            |    46 |    55 |    76 ||   177
Block: Buckler           |    31 |    40 |    73 ||   144
